 Dungeon Crawl Stone Soup version 0.30-a0-170-g85af917532 (webtiles) character file.

Game seed: 17544227639071300984

1432 qw the Cleaver (level 8, -10/51 HPs)
             Began as a Gargoyle Fighter on Sept 30, 2022.
             Was an Initiate of Okawaru.
             Mangled by a two-headed ogre
             ... wielding a +0 giant club
              (17 damage)
             ... on level 6 of the Dungeon.
             The game lasted 00:01:59 (5400 turns).

qw the Cleaver (Gargoyle Fighter)                   Turns: 5400, Time: 00:01:59

Health: -10/51     AC: 16    Str: 22    XL:     8   Next: 73%
Magic:  8/8        EV:  7    Int:  9    God:    Okawaru [......]
Gold:   162        SH:  4    Dex:  9    Spells: 7/7 levels left

rFire   . . .      SeeInvis .    Y - +4 war axe (freeze)
rCold   . . .      Faith    .    c - +0 buckler
rNeg    + . .      Spirit   .    f - +0 chain mail
rPois   inf        Reflect  .    (no helmet)
rElec   +          Harm     .    g - +0 cloak
rCorr   +          Rampage  .    (no gloves)
Will    .....                    (no boots)
Stlth   ..........               (no amulet)
HPRegen 0.17/turn                k - ring of resist corrosion
MPRegen 0.11/turn                (no ring)

@: about to teleport
A: sickness immunity, AC +5, negative energy resistance 1, electricity
resistance, torment resistance 1, petrification resistance
a: Renounce Religion


You were on level 6 of the Dungeon.
You worshipped Okawaru.
Okawaru was noncommittal.
You visited 2 branches of the dungeon, and saw 7 of its levels.

You collected 187 gold pieces.
You spent 25 gold pieces at shops.


Innate Abilities, Weirdness & Mutations

You are immune to sickness and miasma.
Your stone body is resilient. (AC +5)
You are immune to poison.
You resist negative energy. (rN+)
You are resistant to electric shocks. (rElec)
You are resistant to unholy torment.
You are immune to petrification.


   Skills:
 - Level 6.1 Fighting
 + Level 8.1 Axes
 - Level 4.6 Armour
 - Level 1.2 Dodging
 - Level 3.2 Shields


You had 7 spell levels left.
You didn't know any spells.
Your spell library was empty.

Inventory:

Hand Weapons
 b - a +0 flail
 Y - a +4 war axe of freezing (weapon)
Armour
 c - a +0 buckler (worn)
 f - a +0 chain mail (worn)
 g - a +0 cloak (worn)
Jewellery
 k - a ring of resist corrosion (left hand)
Scrolls
 a - 2 scrolls of identify
 i - a scroll of teleportation
Potions
 d - 2 potions of might
 e - 2 potions of curing
 h - a potion of attraction
 j - a potion of lignification
 l - 5 potions of mutation
 m - a potion of brilliance {unknown}
 n - a potion of cancellation {unknown}

Dungeon Overview and Level Annotations

Branches:
Dungeon (6/15)             Temple (1/1) D:4

Altars:
Ashenzari
Cheibriados
Dithmenos
Elyvilon
Fedhas
Gozag
Hepliaklqana
Kikubaaqudgha
Nemelex Xobeh
Okawaru
Qazlal
Ru
Sif Muna
Trog
Uskayaw
Vehumet
Wu Jian
Xom
Zin
The Shining One

Shops:
D:2 *


Message History

You slash the ice beast!
The ice beast is heavily wounded.
The ice beast hits you but does no damage.
You hit the ice beast.
The ice beast is severely wounded.
The ice beast barely misses you.
You closely miss the ice beast.
The ice beast is severely wounded.
The ice beast hits you but does no damage.
You slash the ice beast!
You kill the ice beast!
Okawaru accepts your kill.
Your Armour skill increases to level 4!
You see here a +0 chain mail.
Found a scimitar.
Found an escape hatch in the ceiling.
You see here a +0 scimitar.
Found a scale mail.
Found a stone staircase leading down.
You now have 157 gold pieces (gained 14).
You now have 162 gold pieces (gained 5).
A two-headed ogre comes into view.
It is wielding a +0 giant club and a +0 giant spiked club.
The two-headed ogre shouts in stereo!
You barely miss the two-headed ogre. The two-headed ogre barely misses you.
The two-headed ogre hits you but does no damage.
You hit the two-headed ogre but do no damage.
You hit the two-headed ogre but do no damage.
The two-headed ogre hits you with a +0 giant club!
The two-headed ogre hits you but does no damage.
You slash the two-headed ogre! You freeze the two-headed ogre.
The two-headed ogre is moderately wounded.
The two-headed ogre hits you with a +0 giant club!!
Ouch! That really hurt!
You block the two-headed ogre's attack.
5400 ||| READING 2 scrolls of teleportation.
As you read the scroll of teleportation, it crumbles to dust.
You feel strangely unstable.
The two-headed ogre hits you with a +0 giant club!
You die...

..#
#..........
...#
#..<.)..###
.....# .
#....####
.#...# ..
#....# ##...#
#. ####..## .
..# #..
###....## .#
.. #..
##.....## ##
#.!###......#
#.O@......[#
#####>.....#
#......#
#......#
#.###### #.#
#.# #..


You could see a two-headed ogre.

Vanquished Creatures
  Sigmund (D:4)
  An ice beast (D:6)
  2 black bears
  A centaur (D:5)
  2 ogres
  A phantom (D:5)
  A kobold brigand (D:6)
  A bullfrog (D:6)
  A scorpion (D:5)
  An electric eel (D:6)
  A howler monkey (D:4)
  2 hounds
  3 jellies
  An orc priest (D:5)
  2 iguanas
  An orc wizard (D:5)
  A gnoll (D:1)
  7 adders
  A worm (D:4)
  3 dart slugs
  12 orcs
  3 bats
  6 endoplasms
  6 giant cockroaches
  8 goblins
  6 hobgoblins
  2 jackals (D:5)
  10 kobolds
  6 quokkas
  2 ball pythons (D:3)
  5 frilled lizards
  5 rats
105 creatures vanquished.

Vanquished Creatures (others)
  3 kobolds (D:6)
3 creatures vanquished.

Grand Total: 108 creatures vanquished

Notes
Turn   | Place    | Note
-------+----------+-------------------------------------------
     0 | D:1      | qw the Gargoyle Fighter began the quest for the Orb.
     0 | D:1      | Reached XP level 1. HP: 14/14 MP: 1/1
     0 | D:1      | 0 ||| qw: Version: 0.2-a-12-gaebbb33
     0 | D:1      | 0 ||| qw: Game counter: 1605
     0 | D:1      | 0 ||| qw: Always use a shield: true
     0 | D:1      | 0 ||| qw: God list: Okawaru
     0 | D:1      | 0 ||| qw: Allow faded altars: false
     0 | D:1      | 0 ||| qw: Do Orc after D:15 true
     0 | D:1      | 0 ||| qw: Do second Lair branch before Depths: true
     0 | D:1      | 0 ||| qw: Lair rune preference: random
     0 | D:1      | 0 ||| qw: Plans: Normal, Zot:1-4, God:TSO, Crypt, Tomb,
                  | Pan, Slime:5, Hells, Abyss, Orb
     0 | D:1      | 0 ||| PLANNING D:1-11
    33 | D:1      | Found a faded altar of an unknown god.
   115 | D:1      | Reached skill level 2 in Axes
   187 | D:1      | 187 ||| Stepping ~*~*~tactically~*~*~ (stealth).
   234 | D:1      | 234 ||| Stepping ~*~*~tactically~*~*~ (stealth).
   238 | D:1      | 238 ||| Stepping ~*~*~tactically~*~*~ (stealth).
   245 | D:1      | Reached XP level 2. HP: 19/19 MP: 2/2
   277 | D:1      | Reached skill level 3 in Axes
   296 | D:1      | 296 ||| Stepping ~*~*~tactically~*~*~ (stealth).
   338 | D:1      | 338 ||| Stepping ~*~*~tactically~*~*~ (stealth).
   343 | D:1      | 343 ||| Stepping ~*~*~tactically~*~*~ (stealth).
   349 | D:1      | 349 ||| Stepping ~*~*~tactically~*~*~ (stealth).
   351 | D:1      | 351 ||| Stepping ~*~*~tactically~*~*~ (stealth).
   399 | D:1      | 399 ||| Stepping ~*~*~tactically~*~*~ (stealth).
   416 | D:1      | Reached XP level 3. HP: 23/23 MP: 3/3
   469 | D:1      | 469 ||| Stepping ~*~*~tactically~*~*~ (stealth).
   470 | D:1      | 470 ||| Stepping ~*~*~tactically~*~*~ (stealth).
   836 | D:1      | 836 ||| READING 2 scrolls labelled ULAMEI LIXTO.
   837 | D:1      | 837 ||| DRINKING 2 glowing white potions.
   866 | D:2      | 866 ||| STAIRDANCE
   991 | D:2      | Found a glowing silver altar of Zin.
  1057 | D:2      | Found Wiudaow's General Store.
  1066 | D:2      | 1066 ||| BUYING +0 whip (25 gold).
  1066 | D:2      | Bought a +0 whip for 25 gold pieces
  1066 | D:2      | 1066 ||| SHOPLISTING scroll of enchant armour (75 gold,
                  | have 42).
  1066 | D:2      | 1066 ||| DROPPING +0 club.
  1457 | D:2      | Reached XP level 4. HP: 25/28 MP: 4/4
  1654 | D:2      | 1654 ||| Stepping ~*~*~tactically~*~*~ (stealth).
  1661 | D:2      | Reached skill level 4 in Axes
  1663 | D:2      | 1663 ||| Stepping ~*~*~tactically~*~*~ (stealth).
  1938 | D:2      | 1938 ||| UPGRADING to +0 chain mail.
  1948 | D:2      | 1948 ||| DROPPING +0 scale mail.
  1949 | D:2      | 1949 ||| UPGRADING to +0 cloak.
  1954 | D:2      | 1954 ||| READING scroll labelled WAOZAI ALEEKUTS.
  1958 | D:2      | 1958 ||| READING scroll labelled TASCHE HUYHI.
  1959 | D:2      | 1959 ||| DRINKING 2 murky silvery potions.
  1960 | D:2      | 1960 ||| READING 3 scrolls of identify.
  1960 | D:2      | 1960 ||| IDENTIFYING grey potion
  2343 | D:3      | Found a hazy altar of Hepliaklqana.
  2467 | D:3      | 2467 ||| SWAPPING to +0 war axe of freezing.
  2468 | D:3      | 2468 ||| DROPPING +0 war axe.
  2728 | D:3      | Reached XP level 5. HP: 25/32 MP: 5/5
  2812 | D:3      | 2812 ||| READING scroll labelled VIMILU TEMENIH.
  2863 | D:3      | 2863 ||| READING 3 scrolls of identify.
  2863 | D:3      | 2863 ||| IDENTIFYING fizzy yellow potion
  2864 | D:3      | 2864 ||| DROPPING potion of flight.
  2904 | D:4      | Noticed Sigmund
  2912 | D:4      | Killed Sigmund
  2913 | D:4      | Reached skill level 5 in Axes
  2913 | D:4      | Reached XP level 6. HP: 37/37 MP: 6/6
  2956 | D:4      | Noticed a black bear
  2966 | D:4      | Killed a black bear
  3037 | D:4      | 3037 ||| FLEEEEING.
  3038 | D:4      | 3038 ||| FLEEEEING.
  3050 | D:4      | 3050 ||| FLEEEEING.
  3051 | D:4      | 3051 ||| FLEEEEING.
  3056 | D:4      | 3056 ||| FLEEEEING.
  3057 | D:4      | 3057 ||| FLEEEEING.
  3058 | D:4      | 3058 ||| FLEEEEING.
  3059 | D:4      | 3059 ||| FLEEEEING.
  3069 | D:4      | 3069 ||| FLEEEEING.
  3070 | D:4      | 3070 ||| FLEEEEING.
  3084 | D:4      | 3084 ||| FLEEEEING.
  3085 | D:4      | 3085 ||| STAIRDANCE
  3127 | D:3      | 3127 ||| READING scroll labelled QOLE CAKURU.
  3234 | D:4      | Reached skill level 6 in Axes
  3234 | D:4      | Reached XP level 7. HP: 43/43 MP: 7/7
  3290 | D:4      | 3290 ||| Stepping ~*~*~tactically~*~*~ (stealth).
  3304 | D:4      | Reached skill level 1 in Dodging
  3379 | D:4      | 3379 ||| Stepping ~*~*~tactically~*~*~ (stealth).
  3382 | D:4      | 3382 ||| Stepping ~*~*~tactically~*~*~ (stealth).
  3385 | D:4      | 3385 ||| Stepping ~*~*~tactically~*~*~ (stealth).
  3455 | D:4      | 3455 ||| Stepping ~*~*~tactically~*~*~ (stealth).
  3468 | D:4      | Found a staircase to the Ecumenical Temple.
  3477 | D:4      | 3477 ||| PLANNING TEMPLE
  3477 | D:4      | 3477 ||| READING scroll labelled EHIREY SOREM.
  3478 | D:4      | 3478 ||| READING 2 scrolls labelled TOYMUKLUMOE.
  3479 | D:4      | 3479 ||| READING 2 scrolls labelled TUERILYSYRI.
  3480 | D:4      | 3480 ||| READING scroll of enchant weapon.
  3480 | D:4      | 3480 ||| ENCHANTING +1 war axe of freezing.
  3481 | D:4      | 3481 ||| READING scroll labelled RATUEMI CYPHEH.
  3482 | D:4      | 3482 ||| READING scroll labelled USYWYOXTOT.
  3483 | D:4      | 3483 ||| READING 2 scrolls of identify.
  3483 | D:4      | 3483 ||| IDENTIFYING bubbling white potion
  3484 | D:4      | 3484 ||| DROPPING scroll of blinking.
  3485 | D:4      | 3485 ||| DROPPING potion of degeneration.
  3490 | Temple   | Entered the Ecumenical Temple
  3564 | Temple   | 3564 ||| PLANNING D:1-11
  3705 | D:5      | Entered Level 5 of the Dungeon
  3706 | D:5      | 3706 ||| STAIRDANCE
  3730 | D:5      | 3730 ||| STAIRDANCE
  3742 | D:4      | 3742 ||| DROPPING +0 whip.
  3747 | D:5      | 3747 ||| STAIRDANCE
  3755 | D:5      | 3755 ||| STAIRDANCE
  3816 | D:5      | 3816 ||| READING scroll of enchant weapon.
  3816 | D:5      | 3816 ||| ENCHANTING +2 war axe of freezing.
  3863 | D:5      | Reached skill level 7 in Axes
  3897 | D:5      | 3897 ||| Stepping ~*~*~tactically~*~*~ (stealth).
  4062 | D:5      | 4062 ||| READING scroll of enchant weapon.
  4062 | D:5      | 4062 ||| ENCHANTING +3 war axe of freezing.
  4084 | D:5      | Reached XP level 8. HP: 45/49 MP: 8/8
  4175 | D:5      | 4175 ||| Stepping ~*~*~tactically~*~*~ (stealth).
  4268 | D:5      | 4268 ||| Stepping ~*~*~tactically~*~*~ (hiding).
  4269 | D:5      | 4269 ||| Stepping ~*~*~tactically~*~*~ (hiding).
  4525 | D:5      | Found an iron altar of Okawaru.
  4526 | D:5      | 4526 ||| PLANNING OKAWARU WORSHIP
  4526 | D:5      | 4526 ||| UPGRADING to ring of resist corrosion.
  4527 | D:5      | 4527 ||| READING 2 scrolls of identify.
  4527 | D:5      | 4527 ||| IDENTIFYING fuming golden potion
  4535 | D:5      | Became a worshipper of Warmaster Okawaru
  4536 | D:5      | 4536 ||| PLANNING D:1-11
  4654 | D:5      | Reached skill level 8 in Axes
  5047 | D:6      | 5047 ||| Stepping ~*~*~tactically~*~*~ (water).
  5054 | D:6      | Reached skill level 6 in Fighting
  5059 | D:6      | HP: 12/51 [electric eel/bolt of electricity (2)]
  5060 | D:6      | 5060 ||| READING 4 scrolls of teleportation.
  5063 | D:6      | 5063 ||| READING 3 scrolls of teleportation.
  5064 | D:6      | HP: 6/51 [electric eel/bolt of electricity (3)]
  5065 | D:6      | 5065 ||| FLEEEEING.
  5392 | D:6      | Noticed a two-headed ogre
  5399 | D:6      | HP: 6/51 [two-headed ogre/+0 giant club (28)]
  5400 | D:6      | 5400 ||| READING 2 scrolls of teleportation.
  5400 | D:6      | Mangled by a two-headed ogre

Levels and vault maps discovered:
D:1:      mushboom_english_gardens, layout_loops_ring,
          hellmonk_ecumenical_altar_blasted, minmay_octomino_e4
D:2:      layout_basic, basic_altar, serial_shops, shop_fountains,
          chequers_serial_rivers_room_a, grunt_ministairs_7
D:3:      layout_basic, nicolae_hepliaklqana_hippocampus
D:4:      layout_basic, minmay_temple_entry_statues_pillars, uniq_sigmund
D:5:      layout_basic, mainiacjoe_overflow_tiny_flanked
D:6:      layout_basic, minivault_14
Temple:   compressed_dpeg_circular_temple

Skill      XL: |  1  2  3  4  5  6  7  8 |
---------------+-------------------------+-----
Axes           | 2 3 4 5 6 7 8 |  8.1
Fighting       | 4 5 6 |  6.1
Dodging        | 1 |  1.2
Armour         | 4 |  4.6
Shields        | |  3.2

Action                   |  1- 3 |  4- 6 |  7- 9 || total
-------------------------+-------+-------+-------++-------
Melee: War axe           |    97 |   100 |   114 ||   311
  Use: Scroll            |     1 |     6 |    13 ||    20
       Potion            |     1 |     1 |       ||     2
Armor: Scale mail        |    35 |     3 |       ||    38
       Chain mail        |       |    51 |    55 ||   106
Dodge: Dodged            |    31 |    30 |    39 ||   100
Block: Buckler           |    18 |    19 |    11 ||    48

Table legend:
 A = Non-vault XP
 B = Vault XP
 C = Vault XP percentage of total XP
 D = Non-vault monster count
 E = Vault monster count
 F = Vault count percentage of total count
                 A         B        C        D         E       F
            +---------+---------+-------+---------+---------+-------
      Total |    1826 |     220 |  10.8 |     100 |       5 |   4.8
            +---------+---------+-------+---------+---------+-------
        D:1 |      43 |       4 |   8.5 |      18 |       3 |  14.3
        D:2 |      59 |       2 |   3.3 |      18 |       1 |   5.3
        D:3 |      63 |       0 |   0.0 |      14 |       0 |   0.0
        D:4 |     469 |     214 |  31.3 |      24 |       1 |   4.0
        D:5 |     785 |       0 |   0.0 |      20 |       0 |   0.0
        D:6 |     407 |       0 |   0.0 |       6 |       0 |   0.0
            +---------+---------+-------+---------+---------+-------
